 Dungeon Crawl Stone Soup version 0.28-a0-1485-g077359a4bf (webtiles) character file.

Game seed: 14143950090225323580

317 Hasart the Firebug (level 6, -2/45 HPs)
             Began as a Demigod Fire Elementalist on Jan 11, 2022.
             Slain by an orc warrior (6 damage)
             ... on level 4 of the Dungeon.
             The game lasted 00:07:40 (4535 turns).

Hasart the Firebug (Demigod Fire Elementalist)      Turns: 4535, Time: 00:07:41

Health: -2/45      AC:  2    Str:  9    XL:     6   Next: 0%
Magic:  0/13       EV: 13    Int: 25    God:
Gold:   190        SH:  0    Dex: 14    Spells: 8/11 levels left

rFire   . . .      SeeInvis .   e - +0 dagger
rCold   . . .      Faith    .   (no shield)
rNeg    . . .      Spirit   .   a - +0 robe
rPois   .          Reflect  .   (no helmet)
rElec   .          Harm     .   (no cloak)
rCorr   .          Rampage  .   (no gloves)
Will    .....                   (no boots)
Stlth   ++........              (no amulet)
HPRegen 0.15/turn               (no ring)
MPRegen 0.13/turn               (no ring)

@: no status effects
A: high mp 1, forlorn, divine attributes
a: no special abilities


You were on level 4 of the Dungeon.
You visited 1 branch of the dungeon, and saw 4 of its levels.

You collected 190 gold pieces.

Inventory:

Hand Weapons
 e - a +0 dagger (weapon)
Armour
 a - a +0 robe (worn)
 c - a +0 helmet
Wands
 g - a wand of charming (13)
Scrolls
 b - a scroll of immolation {unknown}
 d - 3 scrolls of identify {unknown}
 j - a scroll of teleportation {unknown}
 k - a scroll of silence {unknown}
 l - a scroll of noise {unknown}
Potions
 f - 2 potions of curing {unknown}
 h - a potion of magic {unknown}
 i - 3 potions of haste {unknown}
 m - a potion of cancellation {unknown}


   Skills:
 + Level 3.2 Dodging
 - Level 2.3 Stealth
 + Level 3.0 Spellcasting
 + Level 2.7 Conjurations
 + Level 3.9 Fire Magic


You had 8 spell levels left.
You knew the following spells:

 Your Spells              Type           Power      Damage    Failure   Level
a - Foxfire               Conj/Fire      80%        2x1d8     2%          1
b - Scorch                Fire           46%        2d7       3%          2

Your spell library contained the following spells:

 Spells                   Type           Power      Damage    Failure   Level
 Conjure Flame            Conj/Fire      20%        6-21      8%          3
 Inner Flame              Hex/Fire       13%        N/A       14%         3
 Flame Wave               Conj/Fire      20%        2d6       26%         4
 Tukima's Dance           Hex            3%         N/A       30%         3
 Fireball                 Conj/Fire      10%        3d6       56%         5
 Iskenderun's Battlesphe  Conj           17%        2d7       65%         5
 Anguish                  Hex/Necr       1%         N/A       69%         4
 Conjure Ball Lightning   Conj/Air       5%         3x3d6     100%        6
 Enfeeble                 Hex            1%         N/A       100%        7
 Orb of Destruction       Conj           8%         9d4       100%        7


Dungeon Overview and Level Annotations

Branches:
Dungeon (4/15)
 Temple: D:4-7

Shops:
D:3 *

Annotations:
D:3 1 runed translucent door, champignon's ghost, weakling DsGl


Innate Abilities, Weirdness & Mutations

You have an increased reservoir of magic. (+10% MP)
You shall have no god before yourself.
Your divine heritage dramatically boosts your attributes as you level up.


Message History

Unknown command.
Casting: Scorch (safe; 3% risk of failure)
Confirm with . or Enter, or press ? or * to list all spells.
Flames lash the orc warrior but do no damage.
The orc warrior barely misses you.
Unknown command.
Casting: Scorch (safe; 3% risk of failure)
Confirm with . or Enter, or press ? or * to list all spells.
Flames lash the orc warrior.
The orc warrior is burned terribly!
The orc warrior is severely wounded.
The orc warrior misses you.
Casting: Scorch (safe; 3% risk of failure)
Confirm with . or Enter, or press ? or * to list all spells.
Flames lash the orc warrior but do no damage.
The orc warrior misses you.
Casting: Scorch (safe; 3% risk of failure)
Confirm with . or Enter, or press ? or * to list all spells.
Flames lash the orc warrior but do no damage.
The orc warrior hits you with a +0 long sword!
Unknown command.
The orc warrior is no longer more vulnerable to fire.
Casting: Scorch (safe; 3% risk of failure)
Confirm with . or Enter, or press ? or * to list all spells.
Flames lash the orc warrior.
The orc warrior is almost dead.
The orc warrior's fire resistance burns away.
The orc warrior hits you with a +0 long sword!
The orc warrior is no longer more vulnerable to fire.
Casting: Scorch (safe; 3% risk of failure)
Confirm with . or Enter, or press ? or * to list all spells.
You don't have enough magic to cast this spell.
The orc warrior hits you with a +0 long sword!!
* * * LOW HITPOINT WARNING * * *
Casting: Scorch (safe; 3% risk of failure)
Confirm with . or Enter, or press ? or * to list all spells.
Flames lash the orc warrior.
The orc warrior is almost dead.
The orc warrior's fire resistance burns away.
The orc warrior hits you with a +0 long sword.
You die...

### ... #### ###
..######## ..
############.#......#
###
...........#.#.####.#
#.. ##....<...(..#.##.#
### #......#.#@#......#
# #......#.#o#.###### #
#?#.)..#.#.#......#+####
# #
#.####.#.######......# #
.). #.#......#......# #
..## #.#......#......#
## .. #.#......#......#
#. .. ..........#......#
#. ...
##.#.####.#.#'#### #.


You could see an orc warrior (combustible).

Vanquished Creatures
  Grinder (D:3)
  Robin (D:1)
  3 adders (D:2)
  2 dart slugs
  2 orcs (D:4)
  6 endoplasms
  7 giant cockroaches
  9 hobgoblins
  4 jackals (D:2)
  A quokka (D:1)
  8 ball pythons
  7 bats
  3 frilled lizards (D:2)
  16 goblins
  7 kobolds
  A rat (D:1)
78 creatures vanquished.

Vanquished Creatures (others)
  24 foxfires
24 creatures vanquished.

Grand Total: 102 creatures vanquished

Notes
Turn   | Place    | Note
-------+----------+-------------------------------------------
     0 | D:1      | Hasart the Demigod Fire Elementalist began the quest for
                  | the Orb.
     0 | D:1      | Reached XP level 1. HP: 14/14 MP: 5/5
    89 | D:1      | Reached skill level 1 in Conjurations
   135 | D:1      | Reached XP level 2. HP: 9/20 MP: 0/7
   411 | D:1      | Learned a level 2 spell: Scorch
   827 | D:1      | Reached XP level 3. HP: 9/26 MP: 0/8
  1363 | D:2      | Noticed Robin
  1592 | D:1      | Killed Robin
  2001 | D:2      | Reached XP level 4. HP: 32/33 MP: 3/10
  3385 | D:3      | Found a runed translucent door.
  3391 | D:3      | Noticed champignon's ghost (weakling DsGl)
  3432 | D:3      | Found Joyffam's Assorted Antiques.
  3802 | D:3      | Noticed Grinder
  3807 | D:3      | Killed Grinder
  3808 | D:3      | Reached XP level 5. HP: 38/38 MP: 2/12
  4470 | D:4      | Noticed an orc warrior
  4476 | D:4      | Reached XP level 6. HP: 45/45 MP: 8/13
  4535 | D:4      | Slain by an orc warrior

Illustrated notes

Levels and vault maps discovered:
D:1:      nzn_arrival_depleted_hourglass, layout_rooms,
          ebering_ecumenical_altar_sacrificial,
          hangedman_abyss_or_decor_lesser_grid
D:2:      layout_loops_ring, minmay_split_cup_small, uniq_robin
D:3:      layout_basic, jmf_multi_god_temple, ebering_ghost_reflecting_pool,
          serial_shops, shop, uniq_grinder
D:4:      layout_basic, makhleb_blood_cavern_becter, lemuel_tele_altar

Skill      XL: |  1  2  3  4 |
---------------+-------------+-----
Conjurations   | 1 2 |  2.7
Stealth        | 2 |  2.3
Dodging        | 2 3 |  3.2
Spellcasting   | 2 3 |  3.0
Fire Magic     | 3 |  3.9

Action                   |  1- 3 |  4- 6 || total
-------------------------+-------+-------++-------
Melee: Unarmed           |    11 |       ||    11
       Dagger            |    28 |    14 ||    42
 Cast: Foxfire           |    16 |       ||    16
       Scorch            |    47 |    41 ||    88
  Use: Potion            |     2 |       ||     2
Armor: Robe              |    19 |     3 ||    22
       Skin              |    24 |       ||    24
Dodge: Dodged            |    67 |    29 ||    96

Table legend: (Time is in decaauts)
 A = Elapsed time spent in this place.
 B = Non-inter-level travel time spent in this place.
 C = Inter-level travel time spent in this place.
 D = Time resting spent in this place.
 E = Time spent auto-exploring this place.
 F = Levels seen in this place.
 G = Mean time per level.
                   A        B        C        D        E       F      G
               +--------+--------+--------+--------+--------+-----+--------+
         Total |   4537 |   4440 |     97 |    406 |   3334 |   4 | 1134.2 |
       Dungeon |   4537 |   4440 |     97 |    406 |   3334 |   4 | 1134.2 |
               +--------+--------+--------+--------+--------+-----+--------+

Top non-repeatable levels by time:
     D:1: 1617 daAuts
     D:3: 1391 daAuts
     D:2: 1176 daAuts
     D:4: 351 daAuts
